[Event "Thursday 19 April Rapid Engine Tour 12+1 Rounds 9 Starts 1600ST"]
[Site "Infinity Chess"]
[Date "2018.4.19"]
[Round "6"]
[White "SkyPilot"]
[Black "star99"]
[Result "1-0"]
[ECO "B32"]
[WhiteElo "2476"]
[BlackElo "2456"]
[WhiteEngine "stockfish_x64_bmi2_2018_04_07_CTG"]
[BlackEngine "Cryptic Heroes 9.4B"]
[EventType "Swiss"]
[WhiteTeam ""]
[BlackTeam ""]
[PlyCount "209"]
[TimeControl "720+1"]

1. e4 c5 2. Nf3 Nc6 3. d4 cxd4 4. Nxd4 e5 5. Nb5 Nf6 6. N1c3 d6 7. Nd5 Nxd5 
8. exd5 Nb8 9. a4 Be7 10. Be2 O-O 11. O-O Nd7 12. Bd2 Nf6 13. Be3 a6 14. Na3 Rb8 
15. b4 b6 16. Nc4 Nd7 17. f3 f5 18. Qd2 f4 19. Bf2 Qe8 20. Bd3 Qh5 21. h3 Rf6 
22. Rfe1 Rh6 23. Ra3 Qg5 24. Kf1 Bd8 25. Rc3 Bb7 26. g4 fxg3 27. Be3 Qf6 
28. Bxh6 gxh6 29. Be4 Qf8 30. Kg2 Bg5 31. Qd3 b5 32. axb5 axb5 33. Na5 Nf6 
34. Nxb7 Rxb7 35. Bf5 Nh5 36. Qe4 Nf6 37. Be6+ Kg7 38. Qf5 Nh5 39. Qxf8+ Kxf8 
40. Rc8+ Kg7 41. h4 Bd2 42. Re4 Nf4+ 43. Kxg3 Kf6 44. Rf8+ Kg6 45. Bf5+ Kg7 
46. Rd8 Kf6 47. Bd7 Nh5+ 48. Kh3 Ke7 49. Bc6 Kxd8 50. Bxb7 Nf6 51. Re2 Bxb4 
52. Rg2 Ke7 53. Rg7+ Kf8 54. Rc7 Be1 55. h5 Nxh5 56. Kg4 Nf4 57. Rxh7 h5+ 
58. Kg5 b4 59. Kf6 Bh4+ 60. Kf5 Bg3 61. Bc8 Nxd5 62. Rxh5 Ke7 63. Rh7+ Kd8 
64. Bb7 Ne3+ 65. Ke6 Nxc2 66. Be4 Nd4+ 67. Kxd6 Nb5+ 68. Kc5 Nd4 69. Kxb4 Ne6 
70. Kc4 Ke8 71. Kd5 Ng5 72. Rc7 Kf8 73. Kd6 Ke8 74. Rg7 Bf4 75. Rg8+ Kf7 
76. Bd5+ Kf6 77. Rf8+ Kg6 78. Ke7 Kh5 79. Rh8+ Kg6 80. Rg8+ Kf5 81. Be4+ Nxe4 
82. Rf8+ Kg5 83. fxe4 Kg4 84. Ke6 Kf3 85. Kd5 Kg4 86. Rf5 Bg3 87. Rxe5 Be1 
88. Rf5 Bd2 89. Ke6 Bc1 90. Kf6 Bb2+ 91. Kg6 Ba1 92. e5 Bb2 93. e6 Ba3 
94. Rf7 Bc5 95. e7 Bxe7 96. Rxe7 Kf4 97. Re6 Kg4 98. Rf6 Kh4 99. Kf5 Kg3 
100. Kg5 Kh3 101. Kf4 Kg2 102. Kg4 Kh2 103. Kf3 Kg1 104. Rh6 Kf1 105. Rh1# 1-0

[Event "Thursday 19 April Rapid Engine Tour 12+1 Rounds 9 Starts 1600ST"]
[Site "Infinity Chess"]
[Date "2018.4.19"]
[Round "6"]
[White "Marsell"]
[Black "MarioDeMonti"]
[Result "1/2-1/2"]
[ECO "C53"]
[WhiteElo "2482"]
[BlackElo "2469"]
[WhiteEngine "BrainFish_180408_x64_bmi2"]
[BlackEngine "stockfish_x64_bmi2_2018_02_18_CTG"]
[EventType "Swiss"]
[WhiteTeam ""]
[BlackTeam ""]
[PlyCount "80"]
[TimeControl "720+1"]

1. e4 e5 2. Nf3 Nc6 3. Bc4 Bc5 4. c3 Nf6 5. d3 d6 6. O-O a5 7. Bg5 Ba7 
8. Nbd2 h6 9. Bh4 g5 10. Bg3 O-O 11. a3 Nh7 12. b4 Ne7 13. d4 g4 14. Nh4 exd4 
15. b5 Nf6 16. Qc1 Nh5 17. Nb3 Kh7 18. Nxd4 Ng6 19. Nhf5 Qg5 20. Qd1 Bxf5 
21. Nxf5 Nxg3 22. Nxg3 Ne5 23. Be2 Rae8 24. Kh1 h5 25. Nf5 Re6 26. Qd5 Bb6 
27. Rad1 c6 28. Qd2 Qxd2 29. Rxd2 Bc5 30. a4 Rf6 31. bxc6 bxc6 32. f3 gxf3 
33. gxf3 Ng6 34. f4 d5 35. Bd3 dxe4 36. Bxe4 Re8 37. Ng3 Kh6 38. Nf5+ Kh7 
39. Ng3 Kh6 40. Nf5+ Kh7 1/2-1/2

[Event "Thursday 19 April Rapid Engine Tour 12+1 Rounds 9 Starts 1600ST"]
[Site "Infinity Chess"]
[Date "2018.4.19"]
[Round "5"]
[White "angriff"]
[Black "IronMan"]
[Result "1/2-1/2"]
[ECO "C55"]
[WhiteElo "2379"]
[BlackElo "2440"]
[WhiteEngine "DracoREX 3.07 64BIT POPCNT_CTG"]
[BlackEngine "Eman 170b21-IDeA"]
[EventType "Swiss"]
[WhiteTeam ""]
[BlackTeam ""]
[PlyCount "111"]
[TimeControl "720+1"]

1. e4 e5 2. Nf3 Nc6 3. Bc4 Nf6 4. d3 Bc5 5. c3 a5 6. O-O d6 7. Nbd2 O-O 
8. Re1 Be6 9. Bb5 Ba7 10. Nf1 Ne7 11. d4 exd4 12. Nxd4 Ng6 13. Ba4 h6 
14. Be3 Bd7 15. Bxd7 Qxd7 16. Nf5 Bxe3 17. N1xe3 Nxe4 18. Qd4 Nf6 19. Nxh6+ Kh7 
20. Nhg4 Nxg4 21. Qxg4 Qxg4 22. Nxg4 f5 23. Ne3 Rf7 24. Rad1 Re8 25. c4 f4 
26. Nd5 Rxe1+ 27. Rxe1 Ne5 28. Re4 g5 29. c5 Nd3 30. cxd6 cxd6 31. f3 Nxb2 
32. h4 Rf5 33. Rd4 gxh4 34. Kh2 Nc4 35. Nxf4 Ne3 36. Ne6 b5 37. Kh3 Rd5 
38. Rxh4+ Kg8 39. Rf4 b4 40. g4 Re5 41. Rf8+ Kh7 42. Nf4 Nc4 43. Kh4 Rb5 
44. Ne6 a4 45. f4 b3 46. axb3 axb3 47. f5 b2 48. Ng5+ Kg7 49. Ne6+ Kh7 
50. g5 Rxf5 51. Rxf5 b1=Q 52. Rf7+ Kg6 53. Rf6+ Kh7 54. Rf7+ Kg6 55. Rf6+ Kh7 
56. Rf7+ 1/2-1/2

[Event "Thursday 19 April Rapid Engine Tour 12+1 Rounds 9 Starts 1600ST"]
[Site "Infinity Chess"]
[Date "2018.4.19"]
[Round "5"]
[White "HerzsjeMZ"]
[Black "hafaba"]
[Result "1/2-1/2"]
[ECO "C55"]
[WhiteElo "2411"]
[BlackElo "2453"]
[WhiteEngine "BrainFish_180418_x64_modern"]
[BlackEngine "Eman 1.70-beta21 64-bit POPCNT_CTG"]
[EventType "Swiss"]
[WhiteTeam ""]
[BlackTeam ""]
[PlyCount "130"]
[TimeControl "720+1"]

1. e4 e5 2. Nf3 Nc6 3. Bc4 Nf6 4. d3 Bc5 5. c3 d6 6. O-O O-O 7. Nbd2 a5 
8. Re1 h6 9. Nf1 a4 10. h3 Ra5 11. Ng3 Be6 12. Bxe6 fxe6 13. Qc2 Ra8 14. Bd2 Bb6 
15. Be3 Bxe3 16. Rxe3 Nh7 17. Ne2 Ng5 18. Nxg5 Qxg5 19. Rg3 Qh5 20. d4 Rf6 
21. Rd1 a3 22. b3 Raf8 23. f3 d5 24. Kh2 exd4 25. cxd4 dxe4 26. Qxe4 Rd8 
27. Qc2 Qd5 28. Kh1 Qd6 29. Qc1 Ne7 30. Rg4 Nf5 31. Re1 Rf7 32. Re4 Rf6 
33. Qc3 Ne7 34. b4 Ra8 35. b5 Nd5 36. Qc2 Ra5 37. Qd3 Kh8 38. Rg4 Rf7 
39. Rb1 Nf6 40. Rh4 Kg8 41. Nf4 Ra4 42. Ng6 Qg3 43. Rb3 Rd7 44. Qb1 Qf2 
45. Rc3 Raxd4 46. Rxd4 Qxd4 47. Rxa3 Rd8 48. f4 Nd5 49. Qe1 Qf6 50. Rg3 Kh7 
51. Qe4 Qf5 52. Qd4 Rd6 53. Kh2 Nf6 54. Qe5 Nh5 55. Nf8+ Kh8 56. Ng6+ Kh7 
57. Nf8+ Kg8 58. Ng6 Qxe5 59. fxe5 Rd7 60. Rf3 Rf7 61. Rxf7 Kxf7 62. Nh8+ Ke7 
63. Ng6+ Kf7 64. Nh8+ Kg8 65. Ng6 Kf7 1/2-1/2

[Event "Thursday 19 April Rapid Engine Tour 12+1 Rounds 9 Starts 1600ST"]
[Site "Infinity Chess"]
[Date "2018.4.19"]
[Round "5"]
[White "star99"]
[Black "ludimilojko"]
[Result "1-0"]
[ECO "C24"]
[WhiteElo "2445"]
[BlackElo "2314"]
[WhiteEngine "Cryptic Heroes 9.4B"]
[BlackEngine "asmFishW_2018-04-15_base_CTG"]
[EventType "Swiss"]
[WhiteTeam ""]
[BlackTeam ""]
[PlyCount "155"]
[TimeControl "720+1"]

1. e4 e5 2. Bc4 Nf6 3. d3 c6 4. Bb3 d5 5. Nf3 a5 6. a4 Bb4+ 7. c3 Bd6 
8. exd5 cxd5 9. Bg5 Be6 10. Na3 Nbd7 11. O-O Bb8 12. Nb5 O-O 13. Re1 Re8 
14. Nd2 Ra6 15. Bh4 Nc5 16. Bc2 Bd7 17. d4 exd4 18. Rxe8+ Qxe8 19. Nxd4 Qe5 
20. Nf1 Rb6 21. Nf3 Qd6 22. Ne3 Rxb2 23. Qc1 Rxc2 24. Qxc2 Nfe4 25. Bg3 Nxg3 
26. hxg3 Bc7 27. Qd1 Be6 28. Rb1 Qd7 29. Nd4 h6 30. c4 dxc4 31. Nxe6 Qxe6 
32. Qd4 b6 33. Nxc4 h5 34. Ne3 g6 35. Re1 Be5 36. Qd1 Bc3 37. Re2 Be5 
38. Nd5 Qd6 39. f4 Bf6 40. Nxf6+ Qxf6 41. Re8+ Kh7 42. f5 Kg7 43. fxg6 Kxg6 
44. Rg8+ Kh7 45. Rb8 Qe5 46. Rxb6 Qxg3 47. Qxh5+ Kg7 48. Rb5 Qe3+ 49. Kh2 Qf4+ 
50. Kh3 Qe3+ 51. g3 Qe6+ 52. Qg4+ Qxg4+ 53. Kxg4 Nxa4 54. Rxa5 Nb6 55. Rg5+ Kf6 
56. Kh5 Nd7 57. g4 Ke6 58. Ra5 Nf6+ 59. Kg5 Ne4+ 60. Kh6 Nd6 61. Ra6 Ke5 
62. Kg7 Ne4 63. Kxf7 Ng5+ 64. Kg6 Nf3 65. g5 Ne1 66. Kf7 Nd3 67. g6 Nc5 
68. Ra5 Kd6 69. g7 Nb7 70. Ra3 Ke5 71. Ke7 Nd6 72. Ra5+ Kd4 73. Kxd6 Kc3 
74. g8=Q Kc2 75. Ra2+ Kc3 76. Kc5 Kd3 77. Qe6 Kc3 78. Qe3# 1-0

[Event "Thursday 19 April Rapid Engine Tour 12+1 Rounds 9 Starts 1600ST"]
[Site "Infinity Chess"]
[Date "2018.4.19"]
[Round "5"]
[White "RonWeasley"]
[Black "ocirema"]
[Result "1/2-1/2"]
[ECO "D30"]
[WhiteElo "2450"]
[BlackElo "2440"]
[WhiteEngine "BrainFish 090218_CTG"]
[BlackEngine "asmFishW_2018-04-15_popcnt_CTG"]
[EventType "Swiss"]
[WhiteTeam ""]
[BlackTeam ""]
[PlyCount "107"]
[TimeControl "720+1"]

1. d4 d5 2. c4 e6 3. Nf3 Nf6 4. Nc3 c6 5. Bg5 h6 6. Bxf6 Qxf6 7. e3 Nd7 
8. Be2 Qd8 9. Qc2 Be7 10. Rc1 a6 11. O-O O-O 12. a3 b6 13. Rfd1 Bb7 14. e4 Re8 
15. e5 dxc4 16. Bxc4 Qb8 17. Qe2 b5 18. Ba2 c5 19. d5 exd5 20. e6 Bd6 
21. exf7+ Kxf7 22. Qc2 c4 23. Nxd5 Kg8 24. Qg6 Bf4 25. Rxc4 bxc4 26. Bxc4 Kh8 
27. Nxf4 Be4 28. Ng5 Qxf4 29. Nf7+ Qxf7 30. Qxf7 Ne5 31. Qf4 Nxc4 32. h4 Nxb2 
33. Rd7 Nd3 34. Qg4 Rg8 35. Qxe4 Nc5 36. Qe7 Nxd7 37. Qxd7 Rgd8 38. Qa4 Rab8 
39. f3 Rd2 40. Qe4 Rbb2 41. Qa8+ Kh7 42. Qe4+ Kg8 43. Kh1 Re2 44. Qc4+ Kh7 
45. Qxa6 Rxg2 46. Qd3+ Kg8 47. Qc4+ Kh7 48. Qe4+ Kg8 49. Qe6+ Kh7 50. Qf5+ Kh8 
51. Qc8+ Kh7 52. Qf5+ Kh8 53. Qf8+ Kh7 54. Qf5+ 1/2-1/2

[Event "Thursday 19 April Rapid Engine Tour 12+1 Rounds 9 Starts 1600ST"]
[Site "Infinity Chess"]
[Date "2018.4.19"]
[Round "5"]
[White "Marsell"]
[Black "Thinker"]
[Result "1/2-1/2"]
[ECO "C53"]
[WhiteElo "2483"]
[BlackElo "2459"]
[WhiteEngine "BrainFish_180408_x64_bmi2"]
[BlackEngine "BrainFish_180411_x64_modern_CTG"]
[EventType "Swiss"]
[WhiteTeam ""]
[BlackTeam ""]
[PlyCount "215"]
[TimeControl "720+1"]

1. e4 e5 2. Nf3 Nc6 3. Bc4 Bc5 4. c3 Nf6 5. d3 d6 6. O-O O-O 7. h3 a6 8. Re1 Ba7 
9. Bb3 h6 10. Nbd2 Re8 11. Nf1 Be6 12. Bc2 d5 13. Qe2 b5 14. Bd2 Qd7 15. Ng3 d4 
16. a4 Bc5 17. Rec1 Qd6 18. Nh4 Ne7 19. Qe1 Bb6 20. Nf3 Nc6 21. Rab1 Red8 
22. b4 dxc3 23. Bxc3 Rac8 24. Qd2 Nh7 25. a5 Ba7 26. Ba1 f6 27. Nf5 Bxf5 
28. exf5 Nf8 29. Qe1 Kh8 30. Bd1 Qxd3 31. Bc2 Qd7 32. Be4 Ne7 33. Rd1 Qe8 
34. Rxd8 Rxd8 35. Rc1 c6 36. Bc3 Nh7 37. h4 Qh5 38. Qe2 Nf8 39. Qc2 Rd6 
40. Re1 Nd7 41. Rd1 Nd5 42. Be1 Kh7 43. Rc1 Nb8 44. g3 Nd7 45. Qd1 Qf7 
46. Qd3 Kh8 47. Qd2 Nb8 48. Qd3 Qh5 49. Kh1 Qf7 50. Nd2 Rd7 51. Qb1 Ne7 
52. Kg2 Kg8 53. Nb3 Nc8 54. Bf3 Nd6 55. Nd2 Kh8 56. Rd1 Qe7 57. h5 Kh7 
58. Rc1 Rc7 59. Ne4 Nxe4 60. Bxe4 Rd7 61. Qc2 Qf7 62. Bf3 Rd6 63. Qe2 Rd4 
64. Be4 Qe7 65. f3 Rd8 66. Qa2 Qf8 67. Rc2 Rd1 68. Re2 Qd8 69. Qf7 Rd7 
70. Qe6 Re7 71. Rd2 Bd4 72. Qb3 Qg8 73. Qa3 Qf7 74. g4 Rd7 75. Qa2 Qe7 
76. Rc2 Qd8 77. Qb3 Rc7 78. Kf1 Qd6 79. Qe6 Qd8 80. Rd2 Kh8 81. Kg2 Kh7 
82. Re2 Kh8 83. Rc2 Kh7 84. Bd2 Ba7 85. Be1 Bd4 86. Kh3 Re7 87. Qa2 Rc7 
88. Kg3 Rd7 89. Qb3 Rc7 90. Kg2 Kh8 91. Kf1 Kh7 92. Qe6 Re7 93. Qb3 Rd7 
94. Kg2 Qc7 95. Rd2 Qc8 96. Bg3 Qd8 97. Kh3 Qe7 98. Re2 Qd6 99. Rd2 Qf8 
100. Be1 Qe7 101. Bg3 Qf8 102. Rc2 Qd8 103. Rd2 Kh8 104. Rd1 Kh7 105. Qe6 Kh8 
106. Qb3 Kh7 107. Qe6 Kh8 108. Qb3 1/2-1/2

[Event "Thursday 19 April Rapid Engine Tour 12+1 Rounds 9 Starts 1600ST"]
[Site "Infinity Chess"]
[Date "2018.4.19"]
[Round "5"]
[White "MarioDeMonti"]
[Black "SkyPilot"]
[Result "1-0"]
[ECO "C55"]
[WhiteElo "2451"]
[BlackElo "2494"]
[WhiteEngine "stockfish_x64_bmi2_2018_02_18_CTG"]
[BlackEngine "stockfish_x64_bmi2_2018_04_07_CTG"]
[EventType "Swiss"]
[WhiteTeam ""]
[BlackTeam ""]
[PlyCount "173"]
[TimeControl "720+1"]

1. e4 e5 2. Nf3 Nc6 3. Bc4 Nf6 4. d3 Bc5 5. c3 d6 6. O-O a5 7. Re1 Ba7 
8. Nbd2 O-O 9. h3 Be6 10. Bb5 Ne7 11. d4 Ng6 12. Ba4 Nh5 13. Nf1 Nhf4 
14. Bc2 exd4 15. cxd4 c6 16. h4 Qd7 17. N3h2 f5 18. h5 Nxg2 19. Kxg2 Nh4+ 
20. Kg1 f4 21. a4 Rae8 22. Ra3 h6 23. Nd2 Bxd4 24. Ndf3 Nxf3+ 25. Qxf3 Qf7 
26. Bd2 Bxb2 27. Rd3 Be5 28. Rb1 Bc4 29. Bb3 Re7 30. Ng4 Bxb3 31. Rbxb3 Qc4 
32. Bxa5 Qxa4 33. Bd2 Qa7 34. Ra3 Qc5 35. Kg2 Kh7 36. Rab3 Qc4 37. Rb4 Qc5 
38. Ra3 b5 39. Rd3 Re6 40. Rb1 Qa7 41. Nxe5 Rxe5 42. Rxd6 Rg5+ 43. Kf1 Qe7 
44. Rd3 Qe8 45. Re1 c5 46. e5 Qe6 47. Rd6 Qc4+ 48. Qd3+ Qxd3+ 49. Rxd3 Rgf5 
50. Kg2 b4 51. Rd7 Rxh5 52. Rc7 b3 53. Rxc5 b2 54. Rb5 Rff5 55. Rxb2 Rxe5 
56. Rxe5 Rxe5 57. Rb7 f3+ 58. Kxf3 Rh5 59. Ke4 Rh2 60. Bc3 Rg2 61. f4 h5 
62. f5 Kh6 63. Kf3 Rg1 64. Kf2 Rg4 65. Bd2+ Kh7 66. Rb4 Rxb4 67. Bxb4 Kg8 
68. Bd2 h4 69. Kg2 Kf8 70. Kh3 Kf7 71. Bg5 Kf8 72. Kxh4 Kf7 73. Kh5 Kf8 
74. Kg6 Kg8 75. Be7 Kh8 76. Bc5 Kg8 77. Bd4 Kf8 78. Bxg7+ Ke7 79. f6+ Kd6 
80. f7 Kc5 81. f8=Q+ Kb5 82. Qc8 Kb6 83. Bf8 Kb5 84. Qc7 Ka4 85. Qb7 Ka5 
86. Bc5 Ka4 87. Qb4# 1-0

[Event "Thursday 19 April Rapid Engine Tour 12+1 Rounds 9 Starts 1600ST"]
[Site "Infinity Chess"]
[Date "2018.4.19"]
[Round "4"]
[White "angriff"]
[Black "hafaba"]
[Result "1/2-1/2"]
[ECO "C55"]
[WhiteElo "2376"]
[BlackElo "2456"]
[WhiteEngine "DracoREX 3.07 64BIT POPCNT_CTG"]
[BlackEngine "Eman 1.70-beta21 64-bit POPCNT_CTG"]
[EventType "Swiss"]
[WhiteTeam ""]
[BlackTeam ""]
[PlyCount "100"]
[TimeControl "720+1"]

1. e4 e5 2. Nf3 Nc6 3. Bc4 Nf6 4. d3 Bc5 5. O-O d6 6. c3 a5 7. Bg5 O-O 8. a4 h6 
9. Bh4 g5 10. Bg3 Kg7 11. Nbd2 Nh7 12. h3 Ba7 13. Re1 h5 14. d4 h4 15. Bh2 g4 
16. hxg4 Bxg4 17. Be2 Qf6 18. Nc4 Bxf3 19. Bxf3 Rh8 20. Bg4 exd4 21. e5 dxe5 
22. Bf3 dxc3 23. Bxc6 Bxf2+ 24. Kh1 Qxc6 25. Nxe5 Qe6 26. Rf1 cxb2 27. Rb1 Bg3 
28. Rxf7+ Kg8 29. Qh5 Bxe5 30. Bxe5 Qxf7 31. Qg4+ Kf8 32. Bxh8 Nf6 33. Qd4 Nd5 
34. Be5 h3 35. Rxb2 hxg2+ 36. Rxg2 Ke8 37. Bh2 Qf1+ 38. Bg1 Qf3 39. Qh8+ Kd7 
40. Qxa8 Nf4 41. Qg8 Nxg2 42. Qg7+ Kc6 43. Qxg2 Qxg2+ 44. Kxg2 Kd5 45. Kg3 Kc4 
46. Kf4 Kb3 47. Ke4 Kxa4 48. Bh2 Kb4 49. Bxc7 a4 50. Kd4 Kb3 1/2-1/2

[Event "Thursday 19 April Rapid Engine Tour 12+1 Rounds 9 Starts 1600ST"]
[Site "Infinity Chess"]
[Date "2018.4.19"]
[Round "4"]
[White "ludimilojko"]
[Black "HerzsjeMZ"]
[Result "1/2-1/2"]
[ECO "C55"]
[WhiteElo "2310"]
[BlackElo "2415"]
[WhiteEngine "asmFishW_2018-04-15_base_CTG"]
[BlackEngine "BrainFish_180418_x64_modern"]
[EventType "Swiss"]
[WhiteTeam ""]
[BlackTeam ""]
[PlyCount "103"]
[TimeControl "720+1"]

1. e4 e5 2. Nf3 Nc6 3. Bc4 Nf6 4. d3 Bc5 5. c3 d6 6. O-O O-O 7. Bg5 h6 8. Bh4 g5 
9. Bg3 a6 10. a4 Ba7 11. Nbd2 Nh7 12. h3 h5 13. Kh1 Kh8 14. b4 h4 15. Bh2 g4 
16. hxg4 Bxg4 17. b5 Na5 18. Ba2 Qf6 19. d4 Rae8 20. Qb1 Qh6 21. Qd3 f5 
22. exf5 Bxf5 23. Qe3 Qh5 24. Nxe5 Nf6 25. Nf7+ Rxf7 26. Bxf7 Qxf7 27. Qh6+ Kg8 
28. Qxh4 Rf8 29. Rfe1 Qh7 30. Qxh7+ Bxh7 31. Re3 Bb6 32. bxa6 bxa6 33. Rae1 Rf7 
34. Rf3 Bc2 35. Re6 Nh5 36. Re8+ Kg7 37. Rb8 Rxf3 38. gxf3 Nc6 39. Rb7 Na5 
40. Rb8 Bxa4 41. Bxd6 Nf6 42. Be5 Nc6 43. Bxf6+ Kxf6 44. Rh8 Ne7 45. Kg2 a5 
46. Kf1 Bb5+ 47. c4 Ba6 48. Ra8 Bb7 49. Rb8 Ba6 50. Ra8 Bb7 51. Rb8 Ba6 52. Ra8 
1/2-1/2

[Event "Thursday 19 April Rapid Engine Tour 12+1 Rounds 9 Starts 1600ST"]
[Site "Infinity Chess"]
[Date "2018.4.19"]
[Round "4"]
[White "MiKachomiKa QueeN"]
[Black "MarioDeMonti"]
[Result "0-1 "]
[ECO "C55"]
[WhiteElo "2427"]
[BlackElo "2435"]
[WhiteEngine "stockfish_18041819_x64_modern_CTG"]
[BlackEngine "stockfish_x64_bmi2_2018_02_18_CTG"]
[EventType "Swiss"]
[WhiteTeam ""]
[BlackTeam ""]
[PlyCount "174"]
[TimeControl "720+1"]

1. e4 e5 2. Nf3 Nc6 3. Bc4 Nf6 4. d3 Bc5 5. O-O d6 6. c3 O-O 7. Re1 Bb6 8. h3 h6 
9. Nbd2 a5 10. a4 Be6 11. Bxe6 fxe6 12. Nc4 Bc5 13. Be3 Bxe3 14. Rxe3 Nd7 
15. Qc2 Qf6 16. Rf1 Rf7 17. Ncd2 Nc5 18. Nh2 g5 19. Rf3 Qg6 20. Rb1 Rg7 
21. Rg3 Rf8 22. Ndf3 Rf4 23. b4 Nd7 24. Qb3 Kh7 25. Qa2 Rgf7 26. b5 Nd8 
27. Re1 Rg7 28. Nd2 h5 29. d4 Kh8 30. Re2 exd4 31. cxd4 e5 32. d5 b6 33. Qc2 Nc5 
34. Rge3 g4 35. h4 Rgf7 36. g3 R4f6 37. Rc3 Rf8 38. Nhf1 Qf7 39. Nb1 Ndb7 
40. Nh2 Kg8 41. Rce3 Nd7 42. Ra3 Kh8 43. Rd2 Qg6 44. Re3 Kh7 45. Nc3 Nbc5 
46. Rde2 Kg8 47. Nd1 Kh8 48. Rd2 Kh7 49. Nc3 Kg8 50. Rde2 Kf7 51. Nd1 Ke7 
52. Ra3 Kd8 53. Rc3 Qg7 54. Nf1 Qg6 55. Nd2 Ke7 56. Ne3 Kd8 57. Rc4 Qh7 
58. Ndf1 Kc8 59. Nh2 R6f7 60. Nhf1 Kb8 61. Nd2 Ka8 62. Nf5 Rxf5 63. exf5 Rxf5 
64. Rc3 Kb8 65. Rc4 Qf7 66. Rc3 Rf6 67. Qa2 Rg6 68. Rce3 Kb7 69. Nb1 Nf6 
70. Nc3 Ng8 71. Ne4 Nxe4 72. Rxe4 Nf6 73. R4e3 Nd7 74. Qc2 Nc5 75. Qa2 Rf6 
76. Rd2 Kc8 77. Qc4 Kb7 78. Rc2 Ka7 79. Rd2 Kb8 80. Kg2 Qf8 81. Qc2 Qh6 
82. Rd1 Qf8 83. Rd2 Kb7 84. Qc4 Qg8 85. Qc2 Rf8 86. Kg1 Rf6 87. Qd1 Qh7 0-1

[Event "Thursday 19 April Rapid Engine Tour 12+1 Rounds 9 Starts 1600ST"]
[Site "Infinity Chess"]
[Date "2018.4.19"]
[Round "4"]
[White "ocirema"]
[Black "star99"]
[Result "1/2-1/2"]
[ECO "B90"]
[WhiteElo "2440"]
[BlackElo "2445"]
[WhiteEngine "asmFishW_2018-04-15_popcnt_CTG"]
[BlackEngine "Cryptic Heroes 9.4B"]
[EventType "Swiss"]
[WhiteTeam ""]
[BlackTeam ""]
[PlyCount "112"]
[TimeControl "720+1"]

1. e4 c5 2. Nf3 d6 3. d4 cxd4 4. Nxd4 Nf6 5. Nc3 a6 6. Be3 b6 7. f3 e5 
8. Nde2 Be6 9. g4 d5 10. g5 d4 11. gxf6 dxe3 12. Qxd8+ Kxd8 13. Nd5 Bxd5 
14. fxg7 Bxg7 15. exd5 Nd7 16. Ng3 e4 17. fxe4 Bxb2 18. Rb1 Be5 19. Bd3 b5 
20. Ke2 Rg8 21. Kxe3 Rc8 22. Rbf1 f6 23. Nf5 Bc7 24. Ke2 Rg2+ 25. Rf2 Rxf2+ 
26. Kxf2 Bb6+ 27. Kg3 Ne5 28. Kh4 Nxd3 29. cxd3 Rc2 30. Ra1 b4 31. d4 a5 
32. Kg4 Rd2 33. Rc1 Bxd4 34. Nxd4 Rxd4 35. Kf5 Kd7 36. Rc2 a4 37. Re2 Ke7 
38. Rc2 Kd7 39. Rf2 Rc4 40. h4 Ke7 41. e5 fxe5 42. Kxe5 Rxh4 43. d6+ Ke8 
44. Rg2 a3 45. Rg8+ Kd7 46. Rg7+ Kd8 47. Ra7 Rh5+ 48. Ke6 Rh6+ 49. Kd5 Rh3 
50. Kc6 Rc3+ 51. Kb5 b3 52. axb3 a2 53. Rxa2 Rxb3+ 54. Ka4 Rh3 55. Kb4 h6 
56. Kc5 Rb3 1/2-1/2

[Event "Thursday 19 April Rapid Engine Tour 12+1 Rounds 9 Starts 1600ST"]
[Site "Infinity Chess"]
[Date "2018.4.19"]
[Round "4"]
[White "RonWeasley"]
[Black "CrapCleaner"]
[Result "1/2-1/2 "]
[ECO "D30"]
[WhiteElo "2450"]
[BlackElo "2454"]
[WhiteEngine "BrainFish 090218_CTG"]
[BlackEngine "Raubfisch X38b_CTG"]
[EventType "Swiss"]
[WhiteTeam ""]
[BlackTeam ""]
[PlyCount "147"]
[TimeControl "720+1"]

1. d4 d5 2. c4 e6 3. Nf3 Nf6 4. Nc3 c6 5. Bg5 h6 6. Bxf6 Qxf6 7. e3 Nd7 
8. Be2 g6 9. O-O Bg7 10. e4 dxe4 11. Nxe4 Qf4 12. Qc2 f5 13. Ned2 c5 14. g3 Qd6 
15. Nh4 Kf7 16. d5 e5 17. Rae1 h5 18. Kg2 Nf6 19. b4 b6 20. bxc5 bxc5 
21. Ndf3 Nh7 22. Bd3 e4 23. Bxe4 fxe4 24. Rxe4 Nf8 25. Rfe1 Kg8 26. Ng5 Bf6 
27. Re8 Bxg5 28. Qxg6+ Qxg6 29. Nxg6 Bf5 30. Rxa8 Bxg6 31. h4 Bh6 32. Re7 Rh7 
33. d6 Bf5 34. a4 Rf7 35. f3 a5 36. Rxa5 Rf6 37. Rxc5 Bd7 38. a5 Rxd6 
39. Rxh5 Rf6 40. Kf2 Ra6 41. f4 Rc6 42. c5 Ra6 43. Rd5 Rxa5 44. Rdxd7 Nxd7 
45. Rxd7 Rxc5 46. Rd6 Kh7 47. Rd4 Bg7 48. Rd7 Kg6 49. g4 Rc2+ 50. Kg3 Rc3+ 
51. Kg2 Rc2+ 52. Kg3 Rc3+ 53. Kg2 Rc2+ 54. Kf1 Rc1+ 55. Ke2 Rc2+ 56. Kf1 Bf8 
57. f5+ Kh6 58. g5+ Kh5 59. g6 Kg4 60. f6 Rc6 61. Ke2 Rxf6 62. Kd1 Rxg6 
63. Rd4+ Kf3 64. h5 Rg2 65. Rd3+ Ke4 66. Rd2 Rg1+ 67. Kc2 Rh1 68. h6 Bxh6 
69. Rd7 Bf4 70. Kc3 Rc1+ 71. Kb4 Be5 72. Kb5 Bf6 73. Kb6 Ba1 74. Kb5 1/2-1/2

[Event "Thursday 19 April Rapid Engine Tour 12+1 Rounds 9 Starts 1600ST"]
[Site "Infinity Chess"]
[Date "2018.4.19"]
[Round "4"]
[White "Seliga"]
[Black "Marsell"]
[Result "1/2-1/2"]
[ECO "C77"]
[WhiteElo "2482"]
[BlackElo "2483"]
[WhiteEngine "SF9 ''X20''_CTG"]
[BlackEngine "BrainFish_180408_x64_bmi2"]
[EventType "Swiss"]
[WhiteTeam ""]
[BlackTeam ""]
[PlyCount "143"]
[TimeControl "720+1"]

1. e4 e5 2. Nf3 Nc6 3. Bb5 a6 4. Ba4 Nf6 5. d3 Bc5 6. c3 b5 7. Bb3 d6 8. O-O O-O 
9. Re1 h6 10. Nbd2 Bb6 11. Nf1 Na5 12. Bc2 c5 13. Ne3 Nc6 14. Nh4 Ne7 
15. Qf3 Be6 16. Nhf5 Nxf5 17. Nxf5 Kh8 18. Qh3 Nh7 19. Qg3 Rg8 20. a4 Qd7 
21. Ne3 Nf6 22. Qf3 Ba5 23. Rd1 b4 24. d4 exd4 25. cxd4 cxd4 26. Nf5 b3 
27. Bb1 Bxf5 28. exf5 Rge8 29. Qxb3 d5 30. Bf4 Kg8 31. Qg3 Nh5 32. Qh4 Nxf4 
33. Qxf4 Rab8 34. Bd3 Rxb2 35. Qxd4 Rb4 36. Qc5 Rxa4 37. Bxa6 Re1+ 38. Rxe1 Bxe1 
39. Rxa4 Qxa4 40. Bd3 Bb4 41. Qc8+ Bf8 42. Qc3 Qd1+ 43. Bf1 h5 44. g3 h4 
45. Kg2 Qg4 46. Qd3 hxg3 47. hxg3 Qe4+ 48. Qxe4 dxe4 49. Bc4 Bc5 50. Kf1 e3 
51. f4 Kf8 52. Ke2 g6 53. Bd3 Kg7 54. g4 Kh6 55. fxg6 fxg6 56. Bb5 g5 57. f5 Kg7 
58. Kf3 Kf6 59. Ke2 Ke5 60. Bd3 Kf6 61. Bc4 Ke5 62. Bd3 Bd4 63. Kf3 Bb6 
64. Bf1 Kf6 65. Be2 Bd4 66. Bd1 Bb6 67. Be2 Ke5 68. Bb5 Bc5 69. Ke2 Bb6 
70. Kf3 Kf6 71. Bf1 Ke5 72. Bb5 1/2-1/2

[Event "Thursday 19 April Rapid Engine Tour 12+1 Rounds 9 Starts 1600ST"]
[Site "Infinity Chess"]
[Date "2018.4.19"]
[Round "4"]
[White "SkyPilot"]
[Black "Thinker"]
[Result "1/2-1/2"]
[ECO "C53"]
[WhiteElo "2496"]
[BlackElo "2457"]
[WhiteEngine "stockfish_x64_bmi2_2018_04_07_CTG"]
[BlackEngine "BrainFish_180411_x64_modern_CTG"]
[EventType "Swiss"]
[WhiteTeam ""]
[BlackTeam ""]
[PlyCount "141"]
[TimeControl "720+1"]

1. e4 e5 2. Nf3 Nc6 3. Bc4 Bc5 4. c3 Nf6 5. d3 d6 6. O-O O-O 7. h3 a6 8. Bb3 Ba7 
9. Nbd2 h6 10. a4 Re8 11. Re1 Be6 12. Bxe6 Rxe6 13. b4 d5 14. Qc2 d4 
15. Bb2 dxc3 16. Bxc3 a5 17. b5 Nb4 18. Bxb4 axb4 19. Nc4 Nd7 20. a5 Bc5 
21. Reb1 Qe8 22. Ncd2 b6 23. Nb3 Bf8 24. Rc1 bxa5 25. Rxa5 Rxa5 26. Nxa5 Rb6 
27. Qxc7 Rxb5 28. Nb3 Rb6 29. Qc4 Re6 30. Qc7 Rd6 31. Qc4 Qe6 32. Qxe6 fxe6 
33. Ne1 Ra6 34. Nf3 Ra3 35. Nfd2 h5 36. g3 Kf7 37. Rc7 Ke8 38. Rc6 Ke7 
39. Rc7 g6 40. Kf1 Kd8 41. Rc6 Ke7 42. Rc4 Kd8 43. Kg2 Nb8 44. d4 Nd7 
45. Rc6 exd4 46. Nxd4 e5 47. Ne6+ Ke7 48. Nc4 Rc3 49. Nc7 Nb6 50. Rxb6 Rxc4 
51. Nd5+ Kf7 52. Rf6+ Kg7 53. Rb6 Bc5 54. Rb7+ Kf8 55. f4 exf4 56. Nxf4 Rxe4 
57. Nxg6+ Ke8 58. Nf4 Re7 59. Rb5 Bd6 60. Rxh5 Bxf4 61. gxf4 Rb7 62. Rd5 b3 
63. Re5+ Kd7 64. Re1 b2 65. Rd1+ Kc6 66. Rb1 Rb3 67. Kf2 Kd5 68. f5 Rxh3 
69. f6 Rh4 70. f7 Rf4+ 71. Ke2 1/2-1/2